 Dungeon Crawl Stone Soup version 0.30-a0-639-g3916f1956a (webtiles) character file.

Game seed: 13692030107899390057

57 wormed the Insei (level 4, -1/42 HPs)
             Began as an Octopode Transmuter on Jan 16, 2023.
             Slain by Terence
             ... wielding a +0 flail
              (5 damage)
             ... on level 2 of the Dungeon.
             The game lasted 00:01:54 (1211 turns).

wormed the Insei (Octopode Transmuter)              Turns: 1211, Time: 00:01:55

Health: -1/42      AC: 22    Str:  9    XL:     4   Next: 0%
Magic:  0/7        EV:  2    Int: 17    God:
Gold:   59         SH:  0    Dex: 12    Spells: 4/7 levels left

rFire   . . .      SeeInvis .      - Unarmed
rCold   + . .      Faith    .    (no shield)
rNeg    . . .      Spirit   +    (helmet currently unavailable)
rPois   +          Reflect  .    c - amulet of guardian spirit
rElec   .          Harm     .    g - ring of protection from cold
rCorr   .          Rampage  .    (no ring)
Will    .....      NoTele   +    (no ring)
Stlth   +                        (no ring)
HPRegen 0.27/turn                (no ring)
MPRegen 0.10/turn                (no ring)
                                 (no ring)
                                 (no ring)

@: tree-form
A: stationary, stasis, torment immunity, boosted hp, almost no armour,
(amphibious), 8 rings, (camouflage 1), (gelatinous body 1), (nimble swimmer 1),
(tentacles)
a: no special abilities


You were on level 2 of the Dungeon.
You were a tree.
You visited 1 branch of the dungeon, and saw 2 of its levels.

You collected 59 gold pieces.

Inventory:

Jewellery
 c - an amulet of guardian spirit (around neck)
 g - a ring of protection from cold (left branch)
Scrolls
 b - a scroll of identify
 e - 2 scrolls of immolation
Potions
 d - a potion of flight {unknown}
 f - a potion of curing


   Skills:
 + Level 1.5 Fighting
 + Level 2.3 Dodging
 + Level 3.2 Unarmed Combat
 + Level 2.3 Spellcasting
 * Level 2.8 Transmutations
 + Level 1.0 Ice Magic


You had 4 spell levels left.
You knew the following spells:

 Your Spells              Type           Power      Damage    Failure   Level
a - Beastly Appendage     Tmut           22%        N/A       6%          1
b - Wereblood             Tmut           11%        N/A       9%          2

Your spell library contained the following spells:

 Spells                   Type           Power      Damage    Failure   Level
 Foxfire                  Conj/Fire      4%         2x1d4     19%         1
 Spider Form              Tmut/Pois      6%         N/A       30%         3
 Ice Form                 Ice/Tmut       8%         N/A       63%         4
 Fireball                 Conj/Fire      0%         3d3       99%         5
 Starburst                Conj/Fire      0%         6d3       100%        6


Dungeon Overview and Level Annotations

Branches:
Dungeon (2/15)

Altars:
Vehumet

Shops:
D:1 =

Annotations:
D:2 Terence


Innate Abilities, Weirdness & Mutations

You are a tree.
Your roots penetrate the ground, keeping you stationary.
You cannot be teleported.
You are immune to unholy pain and torment.
Your maximum health is greatly increased.
You cannot wear most types of armour.
((You are amphibious.))
You can wear up to eight rings at the same time.
((Your skin changes colour to match your surroundings (Stealth+).))
((Your rubbery body absorbs attacks. (AC +1, EV +1)))
((You are camouflaged when in or above water. (Stealth+)))
((You have tentacles for arms and can constrict up to eight enemies at once.))


Message History

You howl as the wereblood boils in your veins!
Your primal bloodlust has ended.
You see here a +0 dagger.
Casting: Wereblood (safe; 9% risk of failure)
Confirm with . or Enter, or press ? or * to list all spells.
One of your tentacles grows a vicious spike.
Terence shouts!
You tentacle-slap Terence but do no damage.
You grab Terence.
You pierce Terence, but do no damage.
You squeeze Terence, but do no damage.
You constrict Terence, but do no damage.
Terence barely misses you.
You tentacle-slap Terence but do no damage.
You pierce Terence.
You squeeze Terence.
Terence is heavily wounded.
You constrict Terence, but do no damage.
A goblin comes into view. It is wielding a +0 club.
Terence hits you with a +0 flail!
You tentacle-slap Terence but do no damage.
You squeeze Terence.
Terence is severely wounded.
You constrict Terence, but do no damage.
Terence closely misses you.
You tentacle-slap Terence but do no damage.
You pierce Terence, but do no damage.
Terence is severely wounded.
You constrict Terence. Terence hits you with a +0 flail!
You barely miss Terence.
You pierce Terence.
Terence is severely wounded.
You constrict Terence, but do no damage.
Terence hits you with a +0 flail!
You tentacle-slap Terence but do no damage.
You pierce Terence, but do no damage.
You squeeze Terence, but do no damage.
Terence is severely wounded.
You constrict Terence. Terence hits you with a +0 flail!
* * * LOW HITPOINT WARNING * * *
Your tentacle spike disappears.
You turn into a tree.
Your roots penetrate the ground.
You lose your grip on Terence.
Terence hits you with a +0 flail.
You die...

*##.###.....#
*,****,*
##..*#..###.#
*,,,,*.# .#.###.##
#.## ****,#.#
...#...# #..#
*...* #....###
##.# **#.#,*
#.#..#** #.#
*...,,* ..##...#
#.# ###.#*,**
..####.#####.#
#$@g#*,* ..#
#....)..###♣#***,*
..##
#######.....#***,*
#..###
#..>#...#*,*
##...#
*####....#..#,*
###.#
*#......####...#
#.###..####[#
*####
#.....#***#.#**
##).### *,...,*
#..## *,....*


You could see Terence and a goblin.

Vanquished Creatures
  A gnoll (D:1)
  An adder (D:2)
  A worm (D:2)
  4 dart slugs (D:1)
  2 endoplasms (D:1)
  A giant cockroach (D:1)
  A hobgoblin (D:1)
  3 kobolds
  A quokka (D:1)
  A ball python (D:1)
  8 goblins
  4 rats
28 creatures vanquished.

Notes
Turn   | Place    | Note
-------+----------+-------------------------------------------
     0 | D:1      | wormed the Octopode Transmuter began the quest for the Orb.
     0 | D:1      | Reached XP level 1. HP: 13/13 MP: 3/3
   187 | D:1      | Reached XP level 2. HP: 13/18 MP: 5/5
   266 | D:1      | Found a radiant altar of Vehumet.
   286 | D:1      | Learned a level 2 spell: Wereblood
   454 | D:1      | Reached XP level 3. HP: 21/23 MP: 2/6
   617 | D:1      | Found Ugocaisi's Jewellery Emporium.
   759 | D:1      | Found a faded altar of an unknown god.
  1148 | D:2      | Noticed Terence
  1163 | D:2      | Reached skill level 1 in Ice Magic
  1163 | D:2      | Reached XP level 4. HP: 27/28 MP: 3/7
  1211 | D:2      | Slain by Terence

Illustrated notes

Levels and vault maps discovered:
D:1:      sevenhm_arrival_forest_fort_small_4, layout_loops_ring,
          shapermc_ecumenical_altar_venn, serial_shops, nicolae_shop_stone,
          minmay_hexomino_r4
D:2:      layout_rooms, uniq_terence

Skill      XL: |  1  2  3 |
---------------+----------+-----
Ice Magic      | 1 |  1.0
Fighting       | |  1.5
Dodging        | |  2.3
Unarmed Combat | |  3.2
Spellcasting   | |  2.3
Transmutations | |  2.8

Action                   |  1- 3 |  4- 6 || total
-------------------------+-------+-------++-------
Melee: Unarmed           |    60 |     6 ||    66
       Constrict         |    18 |     1 ||    19
       Kick              |    18 |     5 ||    23
       Tentacles         |    15 |     4 ||    19
 Cast: Beastly Appendage |    13 |     1 ||    14
       Wereblood         |     7 |       ||     7
  Use: Scroll            |     7 |       ||     7
       Potion            |       |     1 ||     1
 Stab: Sleeping          |     3 |       ||     3
Armor: Skin              |     2 |       ||     2
Dodge: Dodged            |    32 |     2 ||    34

Table legend: (Time is in decaauts)
 A = Elapsed time spent in this place.
 B = Non-inter-level travel time spent in this place.
 C = Inter-level travel time spent in this place.
 D = Time resting spent in this place.
 E = Time spent auto-exploring this place.
 F = Levels seen in this place.
 G = Mean time per level.
                   A        B        C        D        E       F      G
               +--------+--------+--------+--------+--------+-----+--------+
         Total |   1206 |   1152 |     54 |      0 |    932 |   2 |  603.0 |
       Dungeon |   1206 |   1152 |     54 |      0 |    932 |   2 |  603.0 |
               +--------+--------+--------+--------+--------+-----+--------+

Top non-repeatable levels by time:
     D:1: 1049 daAuts
     D:2: 157 daAuts
